 Dungeon Crawl Stone Soup version 0.29-a0-719-g0fec994a2d (webtiles) character file.

Game seed: 12739540399132536838

4588 hcgyg4s the Fighter (level 10, -19/80 HPs)
             Began as a Demonspawn Fighter on Mar 2, 2021.
             Was a Priest of Makhleb.
             Killed from afar by Erica (25 damage)
             ... with a bolt of dispelling energy
             ... on level 9 of the Dungeon on June 27, 2022.
             The game lasted 00:25:12 (9219 turns).

hcgyg4s the Fighter (Demonspawn Fighter)            Turns: 9219, Time: 00:25:12

Health: -19/80     AC: 14    Str: 19    XL:     10   Next: 18%
Magic:  10/10      EV:  6    Int: 10    God:    Makhleb [***...]
Gold:   614        SH: 10    Dex: 13    Spells: 9/9 levels left

rFire   + . .      SeeInvis .   a - +0 flail
rCold   . . .      Faith    .   c - +0 kite shield
rNeg    . . .      Spirit   .   L - +0 chain mail
rPois   .          Reflect  .   (helmet restricted)
rElec   .          Harm     .   U - +0 cloak
rCorr   .          Rampage  .   (no gloves)
Will    .....                   (no boots)
Stlth   ..........              v - amulet of the acrobat
HPRegen 0.23/turn               k - +4 ring of slaying
MPRegen 0.12/turn               h - ring of protection from fire

@: no status effects
A: antennae 2, slimy green scales 1, foul stench 1, spiny 1
a: Renounce Religion, Minor Destruction, Lesser Servant of Makhleb


You were on level 9 of the Dungeon.
You worshipped Makhleb.
Makhleb was most pleased with you.
You visited 2 branches of the dungeon, and saw 10 of its levels.
You also visited: Ossuary.

You collected 614 gold pieces.

Inventory:

Hand Weapons
 a - a +0 flail (weapon)
Missiles
 m - 4 atropa-tipped darts (quivered)
 B - a throwing net {!f}
Armour
 c - a +0 kite shield (worn)
 L - a +0 chain mail (worn)
 U - a +0 cloak (worn)
Jewellery
 b - a ring of ice
 h - a ring of protection from fire (right hand)
 k - a +4 ring of slaying (left hand)
 n - a ring of fire
 s - a ring of flight
 v - an amulet of the acrobat (around neck)
 x - an amulet of guardian spirit
 C - a ring of positive energy
 D - a ring of resist corrosion
Wands
 z - a wand of mindburst (6)
 O - a wand of removedness (38)
Scrolls
 f - a scroll of enchant weapon {unknown}
 i - 6 scrolls of identify {@r1}
 r - 3 scrolls of amnesia {unknown}
 t - 5 scrolls of teleportation {@r4}
 u - 3 scrolls of fear {unknown}
 w - 3 scrolls of immolation {unknown}
 y - 3 scrolls of enchant armour {unknown}
 E - a scroll of blinking {unknown}
 G - a scroll of removedness
 H - a scroll of fog {unknown}
 I - 4 scrolls of acquirement
 J - a scroll of magic mapping {unknown}
 K - a scroll of vulnerability {unknown}
Potions
 d - 2 potions of might
 e - 3 potions of degeneration {!q}
 g - 3 potions of haste {unknown}
 j - 2 potions of resistance
 l - a potion of heal wounds {unknown}
 o - 2 potions of cancellation {unknown}
 p - 4 potions of curing {@q1}
 q - 8 potions of flight
 A - a potion of mutation {unknown}
 F - a potion of magic {unknown}
 M - a potion of lignification {unknown}


   Skills:
 + Level 8.1 Fighting
 + Level 7.0 Maces & Flails
 + Level 7.4 Armour
 + Level 7.4 Shields


You had 9 spell levels left.
You didn't know any spells.
Your spell library was empty.

Dungeon Overview and Level Annotations

Branches:
Dungeon (9/15)             Temple (1/1) D:4            Lair (0/6) D:9
Ossuary (visited)
    Orc: D:9-12

Altars:
Cheibriados
Dithmenos
Fedhas
Gozag
Hepliaklqana
Kikubaaqudgha
Makhleb
Nemelex Xobeh
Qazlal
Ru
Sif Muna
Trog
Uskayaw
Wu Jian
Xom
Yredelemnul
Zin
The Shining One

Shops:
D:5 (

Portals:
Bailey: D:9

Annotations:
D:9 Erica


Innate Abilities, Weirdness & Mutations

You have a pair of antennae on your head.
You are partially covered in slimy green scales. (AC +2)
You may rarely emit foul miasma when damaged in melee.
You are partially covered in sharp spines.


Message History

You hit the wraith.
You destroy the wraith!
Makhleb accepts your kill.
You feel better.
You regained 5 hp, and now have 24/80 hp.
Makhleb accepts your kill.
You feel better.
You feel a bit more experienced.
Your Fighting skill increases to level 8!
Your Maces & Flails skill increases to level 7!
You regained 12 hp, and now have 38/80 hp.
You hear the faint creaking of a very distant portcullis.
You start resting.
You hear the creaking of a very distant portcullis.
You regained 11 hp, and now have 52/80 hp.
Erica the Fiery-Tempered comes into view.
She is wielding a +4 scimitar of flaming, wearing a +2 robe of fire resistance and carrying a wand of quicksilver (4).
Erica shouts!
Erica screams, "I'll never tell where it is!"
Erica zaps a wand.
The bolt of dispelling energy hits you!!
Erica casts a spell.
Erica flickers and vanishes!
Deactivating autopickup; reactivate with Ctrl-A.
You hit something but do no damage. Something hits you. Something burns you.
You emit a cloud of foul miasma!
You hear a zap.
A bolt of dispelling energy appears from out of thin air!
The bolt of dispelling energy hits you.
You miss something.
You hear a zap.
A bolt of dispelling energy appears from out of thin air!
The bolt of dispelling energy hits you!!
* * * LOW HITPOINT WARNING * * *
You barely miss something. Something hits you but does no damage.
You miss something. Something hits you.
* * * LOW HITPOINT WARNING * * *
You barely miss something. You block something's attack.
You hear a zap.
A bolt of dispelling energy appears from out of thin air!
The bolt of dispelling energy hits you!!
You die...

#..........# #..
#..######### #..
#..# ### #..# #..#
#..# #..# ########
#..########.......
#@.............#
#{#########.##.#
#.# ######.##.#
... .........#.###
####
#####........#
#........#
$..........#
###........#
#........#


There were no monsters in sight!

Vanquished Creatures
  A death yak (D:9)
  Psyche (D:8)
  Prince Ribbit (D:8)
  A ghost (D:8)
  A wraith (D:9)
  A wyvern (D:9)
  A steam dragon (D:7)
  A water moccasin (D:6)
  A phantom (D:8)
  2 ice beasts
  An orc warrior (D:7)
  2 black bears (D:8)
  6 ogres
  4 centaurs
  A bullfrog (D:6)
  A gnoll sergeant (D:5)
  3 scorpions
  4 howler monkeys
  3 jellies
  5 bullfrog skeletons
  3 hounds
  4 orc priests
  5 orc wizards
  3 removed worker ants
  A hound zombie (D:6)
  13 mummies (Ossuary)
  4 gnolls (D:5)
  12 adders
  A shadow imp (D:6)
  2 ufetubi (D:6)
  3 endoplasms
  A worm (D:2)
  21 orcs
  5 removed leopard geckos
  6 giant cockroaches
  6 goblins
  6 hobgoblins
  16 jackals
  3 kobolds
  A program bug zombie (D:8)
  3 quokkas
  A ball python (D:1)
  3 bats
  3 frilled lizards
  2 gnoll skeletons (Ossuary)
  4 goblin skeletons (Ossuary)
  A jackal skeleton (D:5)
  2 kobold skeletons (Ossuary)
  4 rats
  11 rat skeletons (Ossuary)
191 creatures vanquished.

Notes
Turn   | Place    | Note
-------+----------+-------------------------------------------
     0 | D:1      | hcgyg4s the Demonspawn Fighter began the quest for the Orb.
     0 | D:1      | Reached XP level 1. HP: 18/18 MP: 1/1
   211 | D:1      | Gained mutation: You are partially covered in sharp spines.
                  | [demonic ancestry]
   211 | D:1      | Reached XP level 2. HP: 20/24 MP: 2/2
   649 | D:2      | Reached XP level 3. HP: 24/29 MP: 3/3
  1022 | D:2      | Found an ancient bone altar of Kikubaaqudgha.
  1202 | D:2      | Found a sacrificial altar of Ru.
  1545 | D:3      | You fall into a shaft and drop 1 floor!
  1550 | D:4      | Found a staircase to the Ecumenical Temple.
  1558 | D:4      | Noticed an ogre
  1565 | D:4      | Gained mutation: You may rarely emit foul miasma when
                  | damaged in melee. [demonic ancestry]
  1565 | D:4      | Reached XP level 4. HP: 34/35 MP: 4/4
  1570 | D:4      | Killed an ogre
  1571 | D:4      | Reached XP level 5. HP: 21/42 MP: 5/5
  1574 | Temple   | Entered the Ecumenical Temple
  1937 | Temple   | Became a worshipper of Makhleb the Destroyer
  2023 | D:4      | Reached skill level 4 in Fighting
  2033 | D:4      | Noticed an ogre
  2037 | D:4      | Killed an ogre
  2038 | D:4      | Gained mutation: You are partially covered in slimy green
                  | scales. (AC +2) [demonic ancestry]
  2038 | D:4      | Reached XP level 6. HP: 28/48 MP: 6/6
  2051 | D:4      | Noticed an ice beast
  2418 | D:4      | Killed an ice beast
  3008 | D:3      | Found a shadowy altar of Dithmenos.
  3181 | D:3      | Reached XP level 7. HP: 47/55 MP: 7/7
  3985 | D:5      | Entered Level 5 of the Dungeon
  4267 | D:5      | Reached skill level 5 in Fighting
  4514 | D:5      | Found Neelazizye's Antique Weapon Shop.
  5075 | D:6      | Reached * piety under Makhleb
  5537 | D:6      | Reached skill level 5 in Armour
  5537 | D:6      | Reached skill level 5 in Shields
  5769 | D:6      | Gained mutation: You have a pair of small antennae on your
                  | head. [demonic ancestry]
  5769 | D:6      | Reached XP level 8. HP: 63/63 MP: 8/8
  6012 | D:6      | Found a snail-covered altar of Cheibriados.
  6013 | D:6      | Noticed a torpor snail
  6014 | D:6      | Noticed a torpor snail
  6014 | D:6      | Noticed a torpor snail
  6187 | D:7      | Found a sand-covered staircase.
  6192 | Ossuary  | Entered an ossuary
  6402 | Ossuary  | Reached skill level 5 in Maces & Flails
  6414 | Ossuary  | Reached ** piety under Makhleb
  6453 | Ossuary  | Reached skill level 6 in Fighting
  7134 | D:8      | Noticed Psyche
  7139 | D:7      | Reached XP level 9. HP: 45/71 MP: 9/9
  7146 | D:7      | Reached *** piety under Makhleb
  7765 | D:8      | Noticed Prince Ribbit
  7770 | D:8      | Killed Prince Ribbit
  7771 | D:8      | Reached skill level 7 in Fighting
  7887 | D:7      | Upgraded the game from 0.27-a0-492-ga4bb394fd4 to
                  | 0.29-a0-719-g0fec994a2d
  8245 | D:8      | Killed Psyche
  8404 | D:8      | Found a stormy altar of Qazlal.
  8535 | D:8      | Saving game... please wait.
  8776 | D:8      | Found a bloodstained altar of Trog.
  8815 | D:8      | Identified 4 scrolls of acquirement
  8815 | D:8      | Acquired 245 gold pieces
  8952 | D:9      | Gained mutation: You have a pair of antennae on your head.
                  | [demonic ancestry]
  8952 | D:9      | Reached XP level 10. HP: 80/80 MP: 10/10
  9027 | D:9      | Found a flagged portal.
  9110 | D:9      | Found a staircase to the Lair.
  9110 | D:9      | Noticed a death yak
  9111 | D:9      | Noticed a death yak
  9117 | D:9      | Noticed a death yak
  9143 | D:9      | Killed a death yak
  9144 | D:9      | Reached skill level 8 in Fighting
  9210 | D:9      | Noticed Erica
  9219 | D:9      | Killed from afar by Erica

Illustrated notes

Levels and vault maps discovered:
D:1:      grunt_arrival_lava_bath, layout_rooms, serial_park_tiny_2,
          minmay_distorted
D:2:      layout_loops_ring, nicolae_overflow_hidden_temple, old_standard_altar,
          nicolae_ru_path_of_blood
D:3:      lemuel_upstairs_altar, layout_rooms, feat_on_display
D:4:      layout_basic, minmay_temple_entry_arrows
D:5:      layout_loops_corners, serial_shops, shop
D:6:      layout_basic, cheibriados_altar_2
D:7:      layout_basic, enter_ossuary_2
D:8:      layout_basic, lemuel_round_altar, nicolae_qazlal_style_of_elements,
          uniq_psyche, uniq_prince_ribbit1
D:9:      layout_basic, dpeg_lair_monsters, orc_0_dummy, enter_bailey_2,
          uniq_erica
Temple:   regret_index_temple_generic_petals

Skill      XL: |  1  2  3  4  5  6  7  8  9 10 |
---------------+-------------------------------+-----
Maces & Flails | 2 3 4 5 6 7 |  7.0
Armour         | 3 4 5 6 7 |  7.4
Shields        | 3 4 5 6 7 |  7.4
Fighting       | 4 5 6 7 8 |  8.1

Action                   |  1- 3 |  4- 6 |  7- 9 | 10-12 || total
-------------------------+-------+-------+-------+-------++-------
Melee: Flail             |    97 |    52 |   343 |    21 ||   513
       Unarmed           |       |       |     8 |       ||     8
  Use: Scroll            |       |     1 |     5 |     1 ||     7
Armor: Scale mail        |    43 |     8 |   106 |       ||   157
       Chain mail        |       |       |    31 |     6 ||    37
       Skin              |       |       |     3 |       ||     3
Dodge: Dodged            |    36 |    15 |   115 |     6 ||   172
Block: Kite shield       |    55 |    25 |   177 |     7 ||   264

Table legend: (Time is in decaauts)
 A = Elapsed time spent in this place.
 B = Non-inter-level travel time spent in this place.
 C = Inter-level travel time spent in this place.
 D = Time resting spent in this place.
 E = Time spent auto-exploring this place.
 F = Levels seen in this place.
 G = Mean time per level.
                   A        B        C        D        E       F      G
               +--------+--------+--------+--------+--------+-----+--------+
         Total |   9395 |   9115 |    280 |   1363 |   6111 |  11 |  854.1 |
       Dungeon |   8079 |   7848 |    231 |   1032 |   5416 |   9 |  897.7 |
        Temple |    697 |    648 |     49 |    283 |    341 |   1 |  697.0 |
       Ossuary |    618 |    618 |      0 |     48 |    354 |   1 |  618.0 |
               +--------+--------+--------+--------+--------+-----+--------+

Top non-repeatable levels by time:
     D:6: 1351 daAuts
     D:4: 1337 daAuts
     D:7: 1197 daAuts
     D:5: 1040 daAuts
     D:8: 795 daAuts
     D:2: 720 daAuts
  Temple: 697 daAuts
     D:3: 661 daAuts
     D:1: 654 daAuts
 Ossuary: 618 daAuts
     D:9: 319 daAuts
